 Dungeon Crawl Stone Soup version 0.26-a0-845-gfacbca91cf (webtiles) character file.

Game seed: 1052132527914380532

11792 Peloso the Carver (level 11, -12/97 HPs)
             Began as a Minotaur Fighter on Nov 19, 2020.
             Was a High Priest of Okawaru.
             Mangled by a boulder beetle (19 damage)
             ... on level 12 of the Dungeon.
             The game lasted 00:24:18 (13326 turns).

Peloso the Carver (Minotaur Fighter)               Turns: 13326, Time: 00:24:19

Health: -12/97     AC: 14    Str: 30    XL:     11   Next: 54%
Magic:  10/10      EV: 10    Int:  9    God:    Okawaru [*****.]
Gold:   625        SH: 13    Dex: 11    Spells: 10/10 levels left

rFire    . . .     SeeInvis .   K - +7 short sword of Elucei Zoirph {venom, Str+7}
rCold    . . .     Faith    .   c - +0 kite shield
rNeg     + . .     Spirit   .   r - +0 chain mail
rPois    .         Reflect  .   (helmet restricted)
rElec    .         Harm     .   J - +0 cloak
rCorr    .         Rampage  .   (no gloves)
MR       .....                  e - +0 pair of boots
Stlth    ..........             k - amulet of magic regeneration
HPRegen  0.26/turn              f - ring of flight
MPRegen  0.37/turn              H - ring of positive energy

@: no status effects
A: retaliatory headbutt, horns 2, clever 2
a: Heroism, Finesse, Renounce Religion, Evoke Flight


You were on level 12 of the Dungeon.
You worshipped Okawaru.
Okawaru was extremely pleased with you.
You visited 1 branch of the dungeon, and saw 12 of its levels.
You also visited: Ossuary.

You collected 625 gold pieces.

Inventory:

Hand Weapons
 a - a cursed +4 falchion of freezing
 b - a +0 short sword of flaming
 K - the +7 short sword of Elucei Zoirph (weapon) {venom, Str+7}
   (You found it on level 11 of the Dungeon)

   It poisons the flesh of those it strikes.
   It affects your strength (+7).
Armour
 c - a +0 kite shield (worn)
 e - a +0 pair of boots (worn)
 r - a +0 chain mail (worn)
 J - a +0 cloak (worn)
Jewellery
 f - a ring of flight (left hand)
 h - an uncursed amulet of the acrobat
 k - an amulet of magic regeneration (around neck)
 v - the ring "Ygoer" {rPois MR+ Slay-4}
   (You found it on level 5 of the Dungeon)

   [ring of slaying]

   It affects your accuracy and damage with ranged weapons and melee attacks
   (-4).
   It protects you from poison.
   It affects your resistance to hostile enchantments.
 y - an uncursed ring of wizardry
 F - a +6 ring of intelligence
 H - a ring of positive energy (right hand)
 L - a +6 ring of intelligence
Wands
 p - a wand of random effects (49)
 w - a wand of paralysis (8)
 C - a wand of acid (9)
 I - a wand of flame (19)
Scrolls
 j - 2 scrolls of immolation
 l - 2 scrolls of identify
 m - 8 scrolls of remove curse
 n - 4 scrolls of teleportation
 o - 4 scrolls of enchant weapon
 q - a scroll of enchant armour
 s - 2 scrolls of amnesia {unknown}
 A - a scroll of magic mapping
 B - 2 scrolls of fog
 D - a scroll of noise
Potions
 d - 3 potions of might
 g - 7 potions of curing
 i - 3 potions of brilliance
 t - 2 potions of heal wounds
 u - 2 potions of flight
 x - a potion of magic {unknown}
 z - a potion of cancellation {unknown}
 E - a potion of haste {unknown}
 G - a potion of resistance {unknown}


   Skills:
 + Level 9.2 Fighting
 + Level 2.4(7.7) Short Blades
 + Level 12.2(12.3) Long Blades
 + Level 10.1 Armour
 + Level 3.4 Dodging
 + Level 2.6 Stealth
 + Level 12.0 Shields
 + Level 0.4 Invocations
 + Level 0.6 Evocations


You had 10 spell levels left.
You didn't know any spells.
Your spell library contained the following spells:

 Spells                   Type           Power        Failure   Level
 Corona                   Hex            #......      93%         1
 Magic Dart               Conj           #...         93%         1
 Searing Ray              Conj           #.....       98%         2
 Slow                     Hex            #.......     98%         2
 Dazzling Flash           Conj/Hex       #.....       100%        3
 Inner Flame              Hex/Fire       #.......     100%        3
 Portal Projectile        Hex/Tloc       #.....       100%        3
 Cause Fear               Hex            #.........   100%        4
 Fulminant Prism          Conj/Hex       #.........   100%        4
 Iskenderun's Mystic Bla  Conj/Tloc      #.......     100%        4
 Leda's Liquefaction      Hex/Erth       #.........   100%        4


Dungeon Overview and Level Annotations

Branches:
Dungeon (12/15)            Temple (0/1) D:7            Lair (0/6) D:9
    Orc (0/2) D:10        Ossuary (visited)

Altars:
Ashenzari
Elyvilon
Fedhas
Gozag
Kikubaaqudgha
Makhleb
Okawaru
Qazlal
Trog
Uskayaw
Vehumet
Xom
Yredelemnul

Annotations:
D:4 1 runed translucent door, Descartes's ghost, weakling FeDe
D:8 3 runed translucent doors, 2tc's ghost, novice GrGl
D:11 1 runed translucent door, PanSaczeczos's ghost, novice TrWz


Innate Abilities, Weirdness & Mutations

You reflexively headbutt those who attack you in melee.
You have a pair of horns on your head.
Your mind is very acute. (Int +4)


Message History

A boulder beetle is nearby!
The boulder beetle hits you!!!
Ouch! That really hurt!
The boulder beetle stops rolling and uncurls.
You hear a shout!
You hear two shouts!
You hear a croak.
You hit the boulder beetle but do no damage.
The boulder beetle is poisoned.
Your headbutt misses the boulder beetle.
The boulder beetle bites you!!
* * * LOW HITPOINT WARNING * * *
You hit the boulder beetle but do no damage.
The boulder beetle looks as sick as possible!
A centaur comes into view.
The boulder beetle bites you!!
* * * LOW HITPOINT WARNING * * *
You hit the boulder beetle but do no damage.
The boulder beetle looks as sick as possible!
The boulder beetle is lightly wounded.
The boulder beetle bites you!!
You die...

#.#####.#.##.# ##.####.# #
#............# #.......# #
#####.###.#.####
#...####### #...........#
#........##
#..##..#.##.###....###.##
#..##.)#$##...........)##
.......................)).
##.#.#..#.##............##
#.#.....@##.#.#####.##.#
#.......B...#( #.>..#
###.#.##.#### #.#### #.#.
#.# #.# #.#. #.# #.# ##
#c. ..# ... ### ..#


You could see a boulder beetle (extremely poisoned) and a centaur.

Vanquished Creatures
  3 death yaks (D:9)
  A two-headed ogre (D:10)
  An ugly thing (D:12)
  A faun (shapeshifter) (D:12)
  Maurice (D:11)
  A troll (D:12)
  Grinder (D:3)
  2 shadows (D:10)
  Sigmund (D:4)
  A basilisk (D:11)
  17 yaks
  A water moccasin (D:6)
  An orc warrior (D:7)
  3 ice beasts
  5 sky beasts
  A black bear (D:9)
  A phantom (D:8)
  2 centaurs
  An ogre (D:11)
  An elf zombie (Ossuary)
  4 bullfrogs
  A troll zombie (D:10)
  4 scorpions
  5 killer bees (D:10)
  14 wights
  4 howler monkeys
  2 centaur zombies
  3 bullfrog skeletons
  3 bullfrog zombies
  3 hounds
  2 human zombies (Ossuary)
  4 orc priests
  A centaur skeleton (D:9)
  6 orc wizards
  Jessica (D:3)
  4 iguanas
  Natasha (thrice) (D:3)
  13 worker ants
  A big kobold zombie (Ossuary)
  7 ogre zombies (D:10)
  3 mummies
  4 worker ant zombies
  8 gnolls
  12 adders
  2 shadow imps
  2 white imps
  4 ufetubi
  2 oozes
  An adder zombie (Ossuary)
  3 adder skeletons
  2 worms
  2 dart slugs
  6 leopard geckos
  55 orcs
  4 ball pythons
  2 giant cockroaches (D:1)
  11 goblins
  6 hobgoblins
  18 jackals
  5 quokkas
  13 bats
  5 frilled lizards
  A giant cockroach zombie (D:5)
  2 goblin skeletons (D:10)
  4 goblin zombies (D:10)
  A hobgoblin skeleton (D:10)
  13 hobgoblin zombies
  A jackal skeleton (D:4)
  3 jackal zombies (Ossuary)
  8 kobolds
  8 kobold zombies (Ossuary)
  6 orc skeletons (D:10)
  18 orc zombies
  A quokka skeleton (D:6)
  4 rats (D:3)
371 creatures vanquished.

Notes
Turn   | Place    | Note
-------+----------+-------------------------------------------
     0 | D:1      | Peloso the Minotaur Fighter began the quest for the Orb.
     0 | D:1      | Reached XP level 1. HP: 19/19 MP: 0/0
   290 | D:1      | Reached XP level 2. HP: 26/27 MP: 1/1
   712 | D:1      | Gained mutation: Your mind is acute. (Int +2) [potion of
                  | mutation]
   712 | D:1      | Gained mutation: Your mind is very acute. (Int +4) [potion
                  | of mutation]
   934 | D:2      | Reached XP level 3. HP: 27/33 MP: 2/2
   945 | D:2      | Reached skill level 1 in Dodging
  1385 | D:2      | Found a faded altar of an unknown god.
  1415 | D:2      | Reached XP level 4. HP: 34/41 MP: 3/3
  2111 | D:3      | Noticed Jessica
  2127 | D:3      | Killed Jessica
  2248 | D:3      | Reached XP level 5. HP: 37/47 MP: 4/4
  2553 | D:3      | Noticed Natasha
  2559 | D:3      | Killed Natasha
  2614 | D:3      | Noticed Grinder
  2623 | D:3      | Killed Grinder
  2624 | D:3      | Reached skill level 5 in Armour
  2624 | D:3      | Reached skill level 1 in Stealth
  2624 | D:3      | Reached skill level 5 in Shields
  2624 | D:3      | Reached XP level 6. HP: 53/53 MP: 5/5
  2769 | D:3      | Noticed Natasha
  2776 | D:3      | Killed Natasha
  2833 | D:3      | Noticed Natasha
  2846 | D:3      | Killed Natasha
  2847 | D:3      | Reached XP level 7. HP: 54/60 MP: 6/6
  3163 | D:3      | Reached skill level 5 in Long Blades
  3270 | D:4      | Reached skill level 5 in Fighting
  3280 | D:4      | Found a sand-covered staircase.
  3291 | Ossuary  | Entered an ossuary
  3912 | D:4      | Found a runed translucent door.
  3936 | D:4      | Noticed a vampire
  3939 | D:4      | Noticed Descartes's ghost (weakling FeDe)
  4098 | D:4      | Found a radiant altar of Vehumet.
  4098 | D:4      | Found a white marble altar of Elyvilon.
  4098 | D:4      | Found a burning altar of Makhleb.
  4099 | D:4      | Found an iron altar of Okawaru.
  4101 | D:4      | Found a bloodstained altar of Trog.
  4114 | D:4      | Became a worshipper of Warmaster Okawaru
  4396 | D:4      | Reached XP level 8. HP: 69/69 MP: 7/7
  4537 | D:4      | Noticed Sigmund
  4551 | D:4      | Killed Sigmund
  4750 | D:5      | Entered Level 5 of the Dungeon
  4769 | D:5      | Reached * piety under Okawaru
  5005 | D:5      | Got a transparent glass ring
  5006 | D:5      | Identified the cursed ring "Ygoer" {rPois MR+ Slay-4} (You
                  | found it on level 5 of the Dungeon)
  5871 | D:6      | Reached ** piety under Okawaru
  6412 | D:7      | Reached XP level 9. HP: 75/75 MP: 8/8
  7106 | D:7      | Found a shimmering altar of Xom.
  7542 | D:7      | Found a staircase to the Ecumenical Temple.
  7954 | D:8      | Found a stormy altar of Qazlal.
  7958 | D:8      | Found a blossoming altar of Fedhas.
  7958 | D:8      | Found an opulent altar of Gozag.
  7982 | D:8      | Reached *** piety under Okawaru
  7993 | D:8      | Found an ancient bone altar of Kikubaaqudgha.
  8005 | D:8      | Noticed 2tc's ghost (novice GrGl)
  8007 | D:8      | Found a runed translucent gate.
  8007 | D:8      | Found a runed translucent gate.
  8007 | D:8      | Found a runed translucent gate.
  8044 | D:8      | Reached skill level 10 in Long Blades
  8527 | D:9      | Found a basalt altar of Yredelemnul.
  8555 | D:9      | Noticed a death yak
  8571 | D:9      | Killed a death yak
  8575 | D:9      | Noticed a death yak
  8576 | D:9      | Found a staircase to the Lair.
  8588 | D:9      | Noticed a death yak
  8590 | D:9      | Killed a death yak
  8590 | D:9      | Received a gift from Okawaru
  8591 | D:9      | Reached XP level 10. HP: 80/86 MP: 7/9
  8605 | D:9      | Killed a death yak
  8614 | D:9      | Reached skill level 10 in Shields
  9230 | D:9      | Found a hide-covered altar of Uskayaw.
  9436 | D:9      | Reached **** piety under Okawaru
  9997 | D:9      | Found a broken altar of Ashenzari.
 10501 | D:10     | Entered Level 10 of the Dungeon
 10915 | D:10     | Found a staircase to the Orcish Mines.
 10963 | D:10     | Noticed a two-headed ogre
 10982 | D:10     | Killed a two-headed ogre
 10983 | D:10     | Reached XP level 11. HP: 78/95 MP: 10/10
 11470 | D:9      | Reached ***** piety under Okawaru
 12341 | D:11     | Noticed PanSaczeczos's ghost (novice TrWz)
 12342 | D:11     | Found a runed translucent door.
 12521 | D:11     | Got a bone short sword
 12522 | D:11     | Identified the +7 short sword of Elucei Zoirph {venom,
                  | Str+7} (You found it on level 11 of the Dungeon)
 12727 | D:11     | Noticed Maurice
 12737 | D:11     | Killed Maurice
 12963 | D:12     | Noticed a swamp dragon
 12963 | D:12     | an elephant changed into a swamp dragon
 12969 | D:12     | a swamp dragon changed into a faun
 12975 | D:12     | Reached skill level 1 in Short Blades
 13059 | D:12     | Reached skill level 10 in Armour
 13152 | D:12     | Noticed a purple ugly thing
 13165 | D:12     | Killed a purple ugly thing
 13320 | D:12     | Noticed a boulder beetle
 13326 | D:12     | Mangled by a boulder beetle

Illustrated notes

Levels and vault maps discovered:
D:1:      dpeg_arrival_castle, layout_basic, minmay_misc_feat_four_crosses,
          st_stairs_6, hangedman_decor_clover_reticule, nrook_uturn,
          minmay_misc_feat_ornament, minmay_misc_feat_enclosed
D:2:      layout_loops_ring, chequers_ecumenical_altar_simple
D:3:      layout_loops_corners, minmay_liquid_box, roderic_lattice_a,
          uniq_grinder, uniq_natasha, uniq_jessica
D:4:      layout_basic, minitemple, gup_ossuary_entry_pyramid,
          serial_corexii_hall, chequers_hall_statues_wall_a,
          chequers_hall_statues_wall_a, corexii_hall_statues_s,
          chequers_hall_statues_y, ebering_ghost_inner_flame, uniq_sigmund
D:5:      layout_rooms
D:6:      layout_basic, st_stairs_13
D:7:      layout_layer_cave, lemuel_coloured_pillars_altar,
          minmay_temple_entry_from_below_a, nicolae_sextant
D:8:      layout_loops_ring, old_standard_altar,
          chequers_temple_overflow_statue_of_worship, gammafunk_ghost_split,
          minivault_23
D:9:      layout_stronghold, eat_drink_and_be_merry_uskayaw,
          general_overflow_altar, kennysheep_mini, dpeg_lair_monsters,
          chequers_serial_rivers_large_a, kennysheep_generic_room_5
D:10:     layout_grid_maze, zombieorc2_lemuel
D:11:     layout_basic, hellmonk_ghost_happy_afterlife, uniq_maurice
D:12:     layout_loops_cross

Skill      XL: |  1  2  3  4  5  6  7  8  9 10 11 |
---------------+----------------------------------+-----
Fighting       | 4 5 6 7 8 9 |  9.2
Armour         | 4 5 6 8 9 10 | 10.1
Dodging        | 1 2 3 |  3.4
Shields        | 4 5 6 8 9 11 12 | 12.0
Long Blades    | 3 4 6 8 10 11 12 | 12.2
Stealth        | 1 2 |  2.6
Short Blades   | 2 |  2.4
Invocations    | |  0.4
Evocations     | |  0.6

Action                   |  1- 3 |  4- 6 |  7- 9 | 10-12 || total
-------------------------+-------+-------+-------+-------++-------
Melee: Long sword        |   113 |   147 |   516 |   360 ||  1136
       Headbutt          |     6 |    23 |   118 |    98 ||   245
       Short sword       |       |       |       |    73 ||    73
Invok: Heroism           |       |       |     2 |     3 ||     5
Evoke: Wand              |       |     1 |       |     2 ||     3
  Use: Potion            |     3 |     2 |     1 |     1 ||     7
       Scroll            |       |       |     9 |     3 ||    12
 Stab: Paralysed         |       |     4 |       |       ||     4
Armor: Scale mail        |    62 |    27 |       |       ||    89
       Chain mail        |       |    34 |   256 |   120 ||   410
Dodge: Dodged            |    37 |    34 |   127 |   116 ||   314
Block: Kite shield       |    68 |    74 |   306 |   291 ||   739
       Rpst.: Long sword |     5 |    12 |    24 |    22 ||    63

Table legend: (Time is in decaauts)
 A = Elapsed time spent in this place.
 B = Non-inter-level travel time spent in this place.
 C = Inter-level travel time spent in this place.
 D = Time resting spent in this place.
 E = Time spent auto-exploring this place.
 F = Levels seen in this place.
 G = Mean time per level.
                   A        B        C        D        E       F      G
               +--------+--------+--------+--------+--------+-----+--------+
         Total |  13413 |  13119 |    294 |    714 |   9467 |  13 | 1031.8 |
       Dungeon |  12974 |  12680 |    294 |    714 |   9305 |  12 | 1081.2 |
       Ossuary |    438 |    438 |      0 |      0 |    162 |   1 |  438.0 |
               +--------+--------+--------+--------+--------+-----+--------+

Top non-repeatable levels by time:
     D:9: 2436 daAuts
    D:10: 1322 daAuts
     D:3: 1292 daAuts
     D:7: 1287 daAuts
     D:2: 1154 daAuts
     D:4: 1082 daAuts
     D:6: 1057 daAuts
     D:1: 931 daAuts
     D:8: 820 daAuts
    D:11: 625 daAuts
     D:5: 609 daAuts
 Ossuary: 438 daAuts
    D:12: 355 daAuts
